 Dungeon Crawl Stone Soup version 0.24.0-1-gfbc8707 (webtiles) character file.

Game seed: 5559149315886619781, levelgen mode: deterministic

388 BoppinsLewinski the Ruffian (level 6, -1/47 HPs)
             Began as a Ghoul Conjurer on Nov 7, 2019.
             Slain by an ogre
             ... wielding a cursed -2 giant club
              (27 damage)
             ... on level 4 of the Dungeon.
             The game lasted 00:13:05 (2992 turns).

BoppinsLewinski the Ruffian (Ghoul Conjurer)        Turns: 2992, Time: 00:13:06

Health: -1/47      AC:  8    Str: 12 (14) XL:     6   Next: 79%
Magic:  7/7        EV: 10    Int:  9 (10) God:
Gold:   159        SH:  0    Dex:  7 (9)  Spells: 7/8 levels left

rFire    . . .     SeeInvis .     - Unarmed
rCold    + . .     Gourm    .   (no shield)
rNeg     + + +     Faith    .   n - +0 ring mail (curse)
rPois    ∞         Spirit   .   m - +0 helmet
rElec    .         Reflect  .   (no cloak)
rCorr    .         Harm     .   i - +1 pair of gloves
MR       .....                  (no boots)
Stlth    +.........             (no amulet)
HPRegen  0.00/turn              (no ring)
MPRegen  0.10/turn              (no ring)

@: rotting
A: rotting body, claws 1, carnivore, cold resistance 1, negative energy
resistance 3, inhibited regeneration, torment resistance, unbreathing
a: no special abilities


You were on level 4 of the Dungeon.
You were not hungry.

You visited 1 branch of the dungeon, and saw 4 of its levels.

You collected 159 gold pieces.

Inventory:

Armour
 b - a +0 scale mail
 d - a +0 chain mail
 f - a +0 plate armour
 i - a +1 pair of gloves (worn)
 m - a +0 helmet (worn)
 n - a cursed +0 ring mail (worn)
Wands
 a - a wand of enslavement (4)
Scrolls
 e - 2 scrolls of identify
 g - a scroll of amnesia
 h - 2 scrolls of enchant weapon
 j - 2 scrolls of magic mapping
 l - a scroll of random uselessness {unknown}
 o - a scroll of teleportation {unknown}
Potions
 k - 2 potions of curing {unknown}
Comestibles
 c - 11 rations


   Skills:
 + Level 1.0 Fighting
 + Level 0.7 Armour
 + Level 2.0 Dodging
 - Level 2.1 Stealth
 * Level 6.8 Unarmed Combat
 - Level 1.7 Spellcasting
 - Level 3.2 Conjurations


You had 7 spell levels left.
You knew the following spells:

 Your Spells              Type           Power        Failure   Level  Hunger
a - Magic Dart            Conj           #...         21%         1    ##.....

Your spell library contained the following spells:

 Spells                   Type           Power        Failure   Level  Hunger
 Searing Ray              Conj           #.....       30%         2    ###....
 Corona                   Hex            #......      61%         1    ##.....
 Ensorcelled Hibernation  Hex/Ice        #.....       75%         2    ###....
 Dazzling Spray           Conj/Hex       #.....       77%         3    ####...
 Iskenderun's Mystic Bla  Conj           #.......     90%         4    #####..
 Confuse                  Hex            #.......     93%         3    ####...
 Tukima's Dance           Hex            #.......     93%         3    ####...
 Force Lance              Conj/Tloc      #.......     99%         4    #####..
 Fulminant Prism          Conj/Hex       #.........   99%         4    #####..


Dungeon Overview and Level Annotations

Branches:
Dungeon (4/15)
 Temple: D:4-7

Altars:
Dithmenos
Kikubaaqudgha
Ru
Wu Jian


Innate Abilities, Weirdness & Mutations

Your body is rotting away.
You thrive on raw meat.
You are immune to poison.
You have sharp fingernails.
You are carnivorous and can eat meat at any time.
Your flesh is cold resistant. (rC+)
You are immune to negative energy. (rN+++)
You do not regenerate when monsters are visible.
You are immune to unholy pain and torment.
You can survive without breathing.


Message History

Unknown command.
Okay, then.
You barely miss the ogre. The ogre closely misses you.
You barely miss the ogre.
The ogre hits you with a cursed -2 giant club!
You hit the ogre.
The ogre is lightly wounded.
You hit the ogre but do no damage.
The ogre is lightly wounded.
The ogre barely misses you.
You hit the ogre.
The ogre is moderately wounded.
The ogre hits you with a cursed -2 giant club!
You hit the ogre.
The ogre is heavily wounded.
You barely miss the ogre.
The ogre is heavily wounded.
The ogre hits you with a cursed -2 giant club!!
Ouch! That really hurt!
You die...

#..### .... #....#
... #.##.# ..#
#..#.## ..# ##.#..#
.<### #.##.# ##....#
#.##.# ##.....#
#.##.## ##O.##..#
#.....#####@........!
###.#........###.####
#...#.)..### #
###÷#..#..####.#
#.#..##......#
#.#..######..#
#######.#.#### #
#.....#.#.....
#..#..........


You could see an ogre.

Vanquished Creatures
  A scorpion (D:3)
  2 orc priests (D:3)
  A bullfrog skeleton (D:4)
  Natasha (thrice) (D:3)
  An orc wizard (D:3)
  Robin (D:3)
  2 adders (D:2)
  A shadow imp (D:4)
  An ooze (D:3)
  An adder skeleton (D:4)
  A worm (D:2)
  2 dart slugs (D:1)
  A leopard gecko (D:1)
  9 orcs (D:3)
  3 giant cockroaches
  8 goblins
  14 hobgoblins
  17 jackals
  A quokka (D:2)
  A ball python (D:2)
  8 bats
  6 frilled lizards
  5 kobolds
  4 rats
94 creatures vanquished.

Vanquished Creatures (others)
  A human (D:2)
  4 goblins (D:3)
5 creatures vanquished.

Grand Total: 99 creatures vanquished

Notes
Turn   | Place    | Note
-------+----------+-------------------------------------------
     0 | D:1      | BoppinsLewinski the Ghoul Conjurer began the quest for the
                  | Orb.
     0 | D:1      | Reached XP level 1. HP: 14/14 MP: 2/2
   166 | D:1      | Reached XP level 2. HP: 20/22 MP: 3/3
   231 | D:1      | Reached skill level 1 in Unarmed Combat
   823 | D:1      | Reached XP level 3. HP: 27/27 MP: 4/4
   965 | D:2      | Reached skill level 2 in Unarmed Combat
  1116 | D:2      | Found an ancient bone altar of Kikubaaqudgha.
  1119 | D:2      | Noticed a human
  1122 | D:2      | Killed a human
  1144 | D:2      | You fall into a shaft and drop 1 floor!
  1145 | D:3      | Noticed a scorpion
  1170 | D:3      | Killed a scorpion
  1170 | D:3      | Reached skill level 3 in Unarmed Combat
  1170 | D:3      | Reached XP level 4. HP: 9/34 MP: 5/5
  1177 | D:3      | Reached skill level 4 in Unarmed Combat
  1203 | D:3      | Reached XP level 5. HP: 21/39 MP: 6/6
  1301 | D:3      | Reached skill level 5 in Unarmed Combat
  1388 | D:3      | Noticed Natasha
  1398 | D:3      | Killed Natasha
  1398 | D:3      | Reached XP level 6. HP: 40/46 MP: 7/7
  1400 | D:3      | Noticed Natasha
  1427 | D:3      | Killed Natasha
  1427 | D:3      | Reached skill level 6 in Unarmed Combat
  1483 | D:3      | Found a shadowy altar of Dithmenos.
  1528 | D:3      | Found a sacrificial altar of Ru.
  2370 | D:3      | Noticed Natasha
  2381 | D:3      | Killed Natasha
  2517 | D:3      | Noticed Robin
  2545 | D:3      | Killed Robin
  2857 | D:4      | Found an ornate altar of the Wu Jian Council.
  2910 | D:4      | Reached skill level 1 in Fighting
  2992 | D:4      | Slain by an ogre

Levels and vault maps discovered:
D:1:      minmay_arrival_split_and_join, layout_basic, minmay_misc_feat_doors
D:2:      layout_loops_ring, bh_chokoban, nrook_mini_backslash,
          tgw_kikubaaqudgha
D:3:      layout_basic, lemuel_round_altar, lemuel_coloured_pillars_altar,
          first_ration, serial_corexii_hall, corexii_hall_statues_u,
          chequers_hall_statues_y, uniq_robin, uniq_natasha
D:4:      layout_rooms, lemuel_crystal_altar, minmay_temple_entry_hall,
          serial_shops, nicolae_shop_trees, nicolae_qazlal_general_emergency

Skill      XL: |  1  2  3  4  5  6 |
---------------+-------------------+-----
Unarmed Combat | 1 3 4 5 6 |  6.8
Dodging        | 2 |  2.0
Fighting       | 1 |  1.0
Armour         | |  0.7
Stealth        | |  2.1
Spellcasting   | |  1.7
Conjurations   | |  3.2

Action                   |  1- 3 |  4- 6 || total
-------------------------+-------+-------++-------
Melee: Unarmed           |   179 |   275 ||   454
       Punch             |     2 |     5 ||     7
Evoke: Wand              |       |     5 ||     5
  Use: Potion            |     3 |     2 ||     5
       Scroll            |     2 |     2 ||     4
  Eat: Chunk             |    17 |    25 ||    42
Armor: Robe              |     6 |       ||     6
       Scale mail        |    45 |    79 ||   124
       Ring mail         |       |    16 ||    16
Dodge: Dodged            |    96 |   103 ||   199
